Map: Slaying Fields

Players

TimeTwist

  • Race: Zerg Zerg
  • Spawn Location: 3:00

Myran - Winner!

  • Race: Protoss Protoss
  • Spawn Location: 12:00

dallaskuken

  • Race: Protoss Protoss
  • League: Platinum
  • Spawn Location: 6:00

FrogMint

  • Race: Zerg Zerg
  • Spawn Location: 5:00

Loken - Winner!

  • Race: Zerg Zerg
  • League: Platinum
  • Spawn Location: 9:00

Scaramanga - Winner!

  • Race: Terran Terran
  • Spawn Location: 11:00

VOD

Have the link to the VOD?

Description

Time

  • Played on: March 16, 2017, 6:34 p.m.
  • Length: 17:34
Show
View Real Time Build Order
Export as new Build Order

TimeTwist Zerg 

Build Orders: Pool First 

Get SALT Encoding   

  12  0:01  Drone  
  13  0:12  Overlord  
  13  0:17  Drone  
  14  0:31  Drone x2  
  14  0:35  Drone  
  17  0:37  Extractor  
  16  0:52  Spawning Pool  
  16  0:53  Drone  
  16  0:56  Drone  
  17  1:08  Drone  
  18  1:17  Drone  
  19  1:28  Overlord  
  19  1:38  Metabolic Boost  
  19  1:44  Queen, Zergling x2  
  22  1:52  Zergling x2  
  23  2:01  Spine Crawler  
  22  2:09  Hatchery  
  22  2:14  Drone  
  22  2:16  Drone  
  23  2:31  Queen  
  25  2:43  Zergling x4  
  27  2:53  Drone  
  28  3:10  Zergling x4  
  29  3:31  Drone  
  29  3:32  Zergling x10  
  35  3:45  Overlord  
  35  3:47  Lair  
  35  3:50  Drone, Extractor  
  35  3:59  Queen  
  30  4:32  Zergling x8  
  30  4:33  Zergling x10  
  36  4:44  Drone  
  37  5:01  Drone  
  37  5:02  Drone x2  
  37  5:19  Zergling x14  
  37  5:20  Zergling x2  
  39  5:22  Baneling Nest  
  39  5:25  Spine Crawler  
  39  5:26  Drone  
  38  5:48  Drone x2  
  38  5:49  Drone x2  
  41  6:00  Drone x2  
  41  6:01  Overlord x2  
  41  6:06  Extractor x2  
  41  6:09  Zergling x2  
  41  6:10  Zergling x8  
  39  6:24  Zergling x4  
  41  6:29  Spine Crawler  
  33  6:43  Zergling x14  
  33  6:44  Zergling x2  
  33  6:54  Zergling x4  
  30  7:06  Drone  
  31  7:12  Drone x3  
  32  7:21  Drone  
  32  7:22  Drone x2  
  28  7:44  Drone x4  
  28  7:45  Spire  
  28  7:46  Drone x2  
  28  7:50  Drone  
  28  7:51  Drone  
  35  8:06  Drone x3  
  38  8:14  Drone x5  
  44  8:34  Drone  
  44  8:39  Drone  
  45  8:42  Drone x4  
  45  8:43  Drone  
  45  8:45  Overlord x2  
  50  8:50  Hatchery  
  49  8:59  Mutalisk x3  
  49  9:01  Mutalisk x2  
  59  9:28  Mutalisk x6  
  59  9:29  Mutalisk  
  69  9:45  Mutalisk x4  
  68  9:53  Spine Crawler  
  68  9:55  Spine Crawler  
  68  9:56  Spine Crawler  
  57  10:02  Spine Crawler  
  57  10:06  Drone x4  
  59  10:07  Spine Crawler, Drone  
  59  10:16  Overlord  
  59  10:17  Overlord  
  59  11:01  Spawning Pool  
  58  11:08  Hatchery  
  57  11:19  Overlord x3  
  57  11:20  Overlord  
  45  11:52  Lair  
  41  12:05  Drone x2  
  41  12:06  Drone x5  
  42  12:10  Spine Crawler  
  42  12:12  Spine Crawler  
  42  12:13  Spine Crawler  
  29  12:17  Spine Crawler  
  27  12:44  Hatchery, Zergling x6  
  28  12:45  Zergling x14  
  28  12:46  Zergling x6  
  39  13:19  Queen  
  41  13:45  Spore Crawler  
  36  14:00  Zergling x4  
  36  14:01  Zergling x10  
  42  14:07  Baneling Nest  
  41  14:47  Zergling x8  
  41  14:48  Zergling x10  
  46  15:23  Hatchery  
  44  15:50  Baneling x6  
  44  15:51  Centrifical Hooks, Baneling x7  
  44  15:53  Baneling  
  44  15:54  Baneling x7  
  44  15:55  Baneling x6  
  44  15:56  Baneling x3  
  44  16:00  Zergling x4  
  42  16:39  Zergling x10  
  35  16:40  Zergling x2  
  35  16:41  Zergling x2  
  35  16:42  Baneling x2  
  35  16:43  Baneling x2  
  34  17:05  Baneling x5  
  34  17:06  Baneling x8  
  34  17:07  Baneling  
Show
View Real Time Build Order
Export as new Build Order

Myran Protoss - Winner!

Build Orders: Cannon Rush 

Get SALT Encoding   

  12  0:01  Probe (Chrono Boost)  
  13  0:13  Probe (Chrono Boost)  
  14  0:21  Pylon  
  14  0:23  Probe (Chrono Boost)  
  15  0:46  Pylon  
  15  0:51  Forge  
  15  0:52  Probe (Chrono Boost)  
  16  1:10  Probe (Chrono Boost)  
  17  1:16  Pylon  
  17  1:27  Photon Cannon  
  17  1:28  Photon Cannon  
  17  1:33  Pylon  
  17  1:37  Probe (Chrono Boost)  
  18  1:44  Assimilator  
  18  1:47  Probe (Chrono Boost)  
  19  1:58  Photon Cannon  
  19  2:05  Pylon  
  19  2:20  Probe (Chrono Boost)  
  20  2:29  Photon Cannon  
  20  2:30  Probe (Chrono Boost)  
  20  2:31  Pylon  
  21  2:39  Assimilator  
  21  2:41  Probe (Chrono Boost)  
  22  2:51  Probe (Chrono Boost)  
  22  2:54  Photon Cannon  
  22  2:55  Photon Cannon  
  23  2:58  Pylon  
  23  3:12  Pylon  
  20  3:37  Photon Cannon  
  20  3:40  Photon Cannon  
  3  4:35  Probe (Chrono Boost)  
  4  4:58  Probe (Chrono Boost)  
  5  5:13  Probe (Chrono Boost)  
  6  5:26  Probe (Chrono Boost)  
  6  5:55  Probe (Chrono Boost)  
  7  6:04  Pylon  
  7  6:06  Probe (Chrono Boost)  
  8  6:19  Probe (Chrono Boost)  
  9  6:30  Probe (Chrono Boost)  
  10  6:57  Probe (Chrono Boost)  
  11  7:07  Probe (Chrono Boost)  
  12  7:15  Gateway  
  12  7:18  Pylon, Probe (Chrono Boost)  
  13  7:29  Probe (Chrono Boost)  
  14  7:39  Probe (Chrono Boost)  
  15  7:50  Probe (Chrono Boost)  
  16  8:00  Probe (Chrono Boost)  
  17  8:08  Cybernetics Core  
  17  8:13  Probe (Chrono Boost)  
  17  8:14  Pylon  
  18  8:24  Probe (Chrono Boost)  
  19  8:34  Probe (Chrono Boost)  
  19  8:38  Warp Gate  
  20  8:45  Probe (Chrono Boost)  
  21  8:50  Robotics Facility  
  22  8:57  Probe (Chrono Boost)  
  22  9:06  Photon Cannon  
  22  9:09  Probe (Chrono Boost)  
  24  9:40  Warp Prism, Probe (Chrono Boost)  
  26  10:01  Pylon  
  27  10:07  Probe (Chrono Boost)  
  27  10:19  Probe (Chrono Boost)  
  28  10:23  Photon Cannon  
  28  10:29  Photon Cannon  
  28  10:33  Photon Cannon  
  28  10:51  Nexus  
  28  11:00  Pylon x2  
  28  11:17  Probe (Chrono Boost)  
  29  11:28  Probe (Chrono Boost)  
  30  11:34  Stargate  
  30  11:35  Stargate  
  30  11:37  Stargate  
  30  12:02  Nexus  
  30  12:06  Probe (Chrono Boost)  
  31  12:27  Phoenix x2  
  35  12:40  Assimilator, Probe (Chrono Boost)  
  35  12:41  Assimilator  
  35  12:43  Phoenix  
  38  12:51  Probe (Chrono Boost)  
  39  12:56  Phoenix  
  41  13:00  Phoenix  
  43  13:07  Probe (Chrono Boost)  
  44  13:18  Probe (Chrono Boost)  
  45  13:24  Phoenix x2  
  49  13:28  Probe (Chrono Boost)  
  50  13:39  Probe (Chrono Boost)  
  49  13:55  Void Ray x2  
  37  14:41  Probe (Chrono Boost)  
  34  14:51  Probe (Chrono Boost)  
  35  15:02  Probe (Chrono Boost)  
  36  15:09  Void Ray x3  
  36  15:13  Probe (Chrono Boost)  
  49  15:16  Probe (Chrono Boost)  
  45  15:42  Probe (Chrono Boost)  
  46  15:44  Probe (Chrono Boost)  
  47  15:52  Probe (Chrono Boost)  
  47  15:54  Probe (Chrono Boost)  
  49  16:03  Probe (Chrono Boost)  
  50  16:05  Probe (Chrono Boost)  
  50  16:09  Pylon  
  51  16:13  Probe (Chrono Boost)  
  52  16:30  Photon Cannon  
  52  16:32  Probe (Chrono Boost)  
  53  16:33  Probe (Chrono Boost)  
  54  16:42  Probe (Chrono Boost)  
  55  17:08  Probe (Chrono Boost)  
  60  17:12  Probe (Chrono Boost)  
  61  17:18  Probe (Chrono Boost)  
Show
View Real Time Build Order
Export as new Build Order

dallaskuken Protoss 

Build Orders:  

Get SALT Encoding   

  12  0:01  Probe (Chrono Boost)  
  13  0:11  Probe (Chrono Boost)  
  14  0:19  Pylon  
  14  0:25  Probe (Chrono Boost)  
  15  0:47  Forge  
  15  0:58  Pylon  
  16  1:04  Probe (Chrono Boost)  
  16  1:28  Probe (Chrono Boost)  
  17  1:42  Gateway  
  17  1:45  Photon Cannon  
  17  1:57  Probe (Chrono Boost), Nexus  
  18  2:07  Probe (Chrono Boost)  
  19  2:09  Pylon  
  19  2:17  Pylon  
  19  2:18  Probe (Chrono Boost)  
  20  2:27  Assimilator  
  20  2:29  Zealot, Probe (Chrono Boost)  
  23  2:39  Probe (Chrono Boost)  
  24  2:45  Cybernetics Core  
  24  2:50  Probe (Chrono Boost)  
  25  2:57  Pylon  
  25  3:07  Assimilator  
  25  3:09  Probe (Chrono Boost)  
  27  3:20  Probe (Chrono Boost)  
  27  3:25  Stalker  
  29  3:30  Probe (Chrono Boost)  
  30  3:36  Photon Cannon  
  30  3:41  Probe (Chrono Boost)  
  31  3:47  Photon Cannon  
  31  3:49  Photon Cannon  
  31  3:51  Probe (Chrono Boost)  
  31  3:53  Pylon  
  32  4:02  Warp Gate, Probe (Chrono Boost)  
  33  4:10  Pylon  
  33  4:15  Gateway  
  33  4:19  Probe (Chrono Boost)  
  34  4:25  Probe (Chrono Boost)  
  34  4:29  Probe (Chrono Boost)  
  36  4:36  Probe (Chrono Boost)  
  35  4:40  Probe (Chrono Boost)  
  36  4:46  Stalker  
  36  4:50  Probe (Chrono Boost)  
  39  4:57  Photon Cannon  
  39  5:01  Probe (Chrono Boost)  
  40  5:08  Robotics Facility  
  40  5:11  Probe (Chrono Boost)  
  41  5:18  Mothership Core (Chrono Boost)  
  43  5:22  Probe (Chrono Boost)  
  44  5:29  Gateway  
  44  5:32  Gateway, Probe (Chrono Boost)  
  44  5:34  Photon Cannon  
  45  5:36  Photon Cannon  
  45  5:43  Probe (Chrono Boost)  
  28  5:58  Probe (Chrono Boost)  
  29  6:07  Warp Prism  
  29  6:08  Probe (Chrono Boost)  
  32  6:18  Sentry  
  34  6:19  Probe (Chrono Boost)  
  35  6:29  Probe (Chrono Boost)  
  36  6:33  Stalker  
  38  6:40  Probe (Chrono Boost)  
  38  6:46  Zealot  
  41  6:58  Gateway, Probe (Chrono Boost)  
  41  6:59  Gateway  
  42  7:08  Probe (Chrono Boost)  
  42  7:10  Zealot x2  
  47  7:19  Probe (Chrono Boost)  
  49  7:30  Probe (Chrono Boost)  
  49  7:40  Probe (Chrono Boost)  
  42  8:10  Robotics Bay  
  42  8:25  Immortal  
  46  8:27  Stalker  
  46  8:28  Stalker x3  
  46  9:10  Pylon  
  46  9:11  Pylon  
  46  9:29  Immortal  
  50  9:31  Pylon  
  50  9:34  Pylon  
  50  9:53  Nexus  
  47  10:54  Zealot  
  49  11:07  Photon Cannon  
  26  12:26  Nexus  
  25  13:34  Nexus  
  25  13:38  Pylon  
  25  13:39  Pylon  
  25  13:42  Pylon  
  25  14:00  Forge  
  25  14:05  Gateway  
  21  14:30  Gateway  
  20  14:33  Assimilator  
  20  14:35  Assimilator  
  19  16:02  Nexus  
  19  16:12  Nexus  
  19  16:18  Pylon  
  19  16:20  Pylon  
  19  17:14  Probe (Chrono Boost)  
Show
View Real Time Build Order
Export as new Build Order

FrogMint Zerg 

Build Orders: Hatch First 

Get SALT Encoding   

  12  0:01  Drone  
  13  0:12  Overlord  
  13  0:17  Drone  
  14  0:30  Drone x2  
  16  0:37  Drone  
  17  0:46  Drone  
  19  0:57  Drone  
  19  1:11  Extractor  
  18  1:15  Hatchery  
  17  1:23  Drone  
  18  1:27  Spawning Pool  
  17  1:44  Drone x2  
  17  1:45  Hatchery  
  18  2:05  Drone  
  18  2:06  Drone x2  
  21  2:16  Overlord  
  21  2:26  Queen  
  21  2:27  Overlord  
  23  2:30  Metabolic Boost  
  23  2:34  Drone  
  24  2:42  Drone  
  25  2:46  Drone  
  25  2:49  Spine Crawler  
  25  2:52  Zergling x4  
  25  2:57  Queen  
  29  3:10  Spore Crawler  
  28  3:19  Drone  
  30  3:22  Spine Crawler  
  30  3:26  Drone  
  32  3:33  Queen  
  33  3:43  Roach Warren  
  33  3:48  Spine Crawler  
  30  3:53  Zergling x2  
  31  3:56  Spine Crawler  
  28  4:06  Drone x4  
  28  4:09  Queen  
  34  4:16  Drone x2  
  36  4:18  Extractor  
  36  4:21  Drone x2  
  37  4:33  Roach x2  
  37  4:38  Lair  
  41  4:40  Drone  
  41  4:41  Drone  
  43  4:57  Drone  
  43  4:59  Overlord x2  
  44  5:08  Overlord  
  44  5:20  Drone x9  
  44  5:21  Drone x2  
  55  5:36  Roach x3  
  61  5:46  Drone  
  62  5:51  Roach x3  
  68  5:59  Extractor  
  67  6:08  Drone  
  68  6:19  Hatchery, Overlord  
  68  6:20  Overlord  
  67  6:30  Hatchery, Roach  
  67  6:32  Overlord x2  
  68  6:34  Glial Reconstitution  
  68  6:50  Roach  
  68  6:51  Roach x8  
  83  7:09  Roach x2  
  83  7:10  Overlord  
  87  7:25  Drone  
  87  7:29  Overlord x2  
  88  7:38  Hydralisk Den  
  88  7:43  Overseer  
  87  7:45  Overseer  
  87  7:56  Roach x5  
  87  7:57  Roach x5  
  107  7:58  Zergling x2  
  108  8:08  Queen  
  108  8:09  Drone x2  
  108  8:10  Drone  
  113  8:13  Drone  
  113  8:14  Drone  
  113  8:16  Hydralisk x4  
  113  8:17  Hydralisk x5  
  133  8:36  Hydralisk  
  133  8:39  Overlord x3  
  133  8:40  Overlord  
  135  8:54  Muscular Augments  
  135  8:55  Overlord  
  135  8:56  Overlord x4  
  135  8:59  Hydralisk  
  135  9:00  Hydralisk x2  
  139  9:19  Ravager  
  107  9:33  Hydralisk  
  107  9:34  Hydralisk x3  
  68  9:47  Roach x4  
  76  9:55  Roach  
  76  9:56  Roach x2  
  80  10:13  Zergling x26  
  89  10:31  Hydralisk x4  
  93  10:48  Hydralisk x4  
  88  11:00  Hydralisk  
  88  11:01  Hydralisk  
  85  11:05  Zergling x4  
  85  11:06  Zergling x14  
  92  11:44  Hydralisk x7  
  96  12:09  Hydralisk  
  96  12:10  Hydralisk x4  
  96  12:14  Zergling x2  
  96  12:15  Zergling x8  
  103  12:30  Zergling x8  
  106  12:40  Hatchery  
  78  12:44  Hydralisk  
  78  12:45  Zergling x2  
  78  12:46  Zergling x4  
  74  13:41  Hatchery  
  71  14:02  Spore Crawler  
  70  14:29  Hydralisk  
  72  14:44  Zergling x2  
  72  15:30  Roach  
  72  15:31  Roach x6  
  78  15:42  Hydralisk  
  67  15:43  Hydralisk  
  67  15:44  Hydralisk  
  61  15:58  Zergling x2  
  61  15:59  Zergling x8  
  66  16:16  Drone x3  
  69  16:27  Zergling x2  
  69  16:28  Zergling x18  
  64  16:41  Zergling x2  
  64  16:42  Zergling x10  
  67  17:09  Zergling x2, Hydralisk  
  67  17:10  Hydralisk x5  
Show
View Real Time Build Order
Export as new Build Order

Loken Zerg - Winner!

Build Orders: Pool First 

Get SALT Encoding   

  12  0:01  Drone  
  13  0:08  Drone  
  14  0:17  Overlord  
  14  0:36  Drone  
  14  0:37  Drone x2  
  17  0:48  Drone  
  18  0:53  Spawning Pool  
  17  0:58  Drone  
  18  1:37  Hatchery  
  17  1:40  Zergling x6  
  17  1:41  Queen  
  22  1:54  Overlord  
  22  2:15  Zergling x2  
  22  2:16  Zergling x2  
  22  2:19  Extractor  
  24  2:51  Zergling x2  
  24  2:52  Zergling x6  
  24  2:54  Overlord  
  24  2:55  Overlord  
  24  2:57  Hatchery, Queen  
  28  3:04  Drone x2  
  29  3:39  Drone x3  
  31  3:42  Metabolic Boost  
  31  3:45  Zergling x2  
  31  3:46  Zergling x8  
  35  4:27  Zergling x2  
  35  4:28  Zergling x24  
  46  4:42  Lair  
  46  4:45  Drone x2, Extractor  
  47  4:47  Drone  
  48  5:00  Drone x4  
  52  5:22  Drone  
  52  5:23  Drone x5  
  52  5:25  Overlord  
  53  5:43  Overlord x3  
  53  5:45  Drone  
  53  5:46  Drone x3  
  41  6:05  Queen  
  41  6:08  Drone  
  41  6:09  Drone x8  
  52  6:13  Extractor  
  52  6:15  Extractor  
  50  6:39  Spore Crawler  
  49  6:40  Spore Crawler  
  49  6:43  Spore Crawler  
  49  6:44  Spore Crawler  
  46  6:47  Spore Crawler x2  
  46  6:48  Zergling x2  
  46  6:49  Zergling x24  
  57  7:01  Drone x6  
  63  7:10  Hydralisk Den  
  62  7:31  Drone  
  62  7:32  Drone x12  
  75  7:42  Extractor  
  75  7:43  Extractor  
  71  7:58  Hydralisk x8  
  82  8:08  Drone  
  82  8:09  Drone x6  
  82  8:12  Overlord x4  
  89  8:15  Muscular Augments  
  89  8:36  Queen  
  89  8:39  Hydralisk  
  89  8:40  Hydralisk x8  
  103  9:23  Hydralisk x8  
  103  9:24  Hydralisk x2  
  110  9:28  Overlord  
  110  9:29  Overlord x4  
  119  9:43  Spire  
  118  9:47  Zergling x2  
  118  9:48  Zergling x10  
  118  9:51  Zergling x2  
  118  9:52  Zergling x2  
  126  9:59  Infestation Pit  
  125  10:00  Drone  
  121  10:31  Zergling x2  
  121  10:32  Zergling x24  
  134  10:48  Hatchery  
  89  11:26  Hydralisk x7  
  89  11:27  Hydralisk x8  
  76  12:05  Drone  
  76  12:06  Drone x8  
  59  12:20  Drone  
  59  12:21  Drone x2  
  59  12:22  Queen  
  64  12:24  Queen  
  64  12:26  Queen  
  64  12:27  Queen  
  70  12:30  Drone  
  70  12:31  Drone x5  
  76  12:58  Queen  
  76  13:00  Queen  
  78  13:15  Mutalisk  
  78  13:16  Mutalisk x11  
  102  13:20  Hive  
  102  13:29  Drone  
  102  13:30  Drone x3  
  104  14:17  Hydralisk  
  104  14:18  Hydralisk x14  
  134  14:46  Zergling x8  
  134  14:47  Zergling x16  
  146  15:11  Overlord x4  
  143  15:36  Adrenal Glands  
  143  15:41  Zergling x22  
  143  15:42  Zergling x2  
  155  16:13  Overseer x4  
  155  16:25  Hatchery  
  154  16:38  Mutalisk  
  154  16:39  Mutalisk x6  
Show
View Real Time Build Order
Export as new Build Order

Scaramanga Terran - Winner!

Build Orders: Reaper Expand, MMM Bio 

Get SALT Encoding   

  12  0:03  SCV  
  13  0:15  SCV  
  13  0:18  Supply Depot  
  14  0:27  SCV  
  15  0:40  SCV  
  16  0:43  Barracks  
  16  0:51  Refinery  
  16  0:52  SCV  
  17  1:04  SCV  
  18  1:16  SCV  
  19  1:30  Orbital Command  
  19  1:34  Reaper  
  20  1:44  Command Center  
  20  1:59  Barracks  
  20  2:02  SCV  
  20  2:07  Reaper  
  22  2:14  SCV  
  23  2:18  Refinery  
  23  2:23  Barracks  
  23  2:34  Supply Depot  
  23  2:39  Barracks Tech Lab  
  23  2:56  SCV  
  24  3:00  Orbital Command  
  24  3:02  Marine  
  25  3:08  SCV  
  26  3:17  Barracks Reactor, Barracks Tech Lab  
  26  3:18  Concussive Shells  
  26  3:19  Orbital Command  
  26  3:20  Marauder, SCV  
  26  3:25  Factory  
  29  3:32  SCV  
  30  3:41  Marauder x2  
  32  3:44  SCV  
  32  3:45  SCV  
  36  3:57  SCV  
  36  3:58  SCV  
  36  4:01  Marine  
  39  4:03  Stimpack  
  40  4:10  SCV x2  
  40  4:12  Supply Depot  
  40  4:15  Marauder  
  43  4:22  SCV, Marine x2  
  46  4:33  SCV  
  46  4:34  Marauder  
  49  4:40  SCV  
  49  4:43  Refinery  
  49  4:44  Factory Reactor  
  49  4:45  SCV  
  49  4:47  Refinery  
  49  4:48  Starport  
  49  4:50  Supply Depot  
  49  4:52  Marauder, SCV, Marine  
  54  4:56  Supply Depot  
  54  4:58  Engineering Bay  
  54  5:11  Marauder, SCV x2, Marine  
  54  5:13  Combat Shields  
  61  5:14  Marauder  
  61  5:23  SCV x2  
  63  5:33  Marauder  
  65  5:35  SCV  
  65  5:36  Marauder, Marine x2  
  65  5:38  Factory Tech Lab  
  65  5:40  Terran Infantry Weapons Level 1  
  70  5:49  Missile Turret  
  70  5:54  Marine  
  70  5:59  Supply Depot  
  70  6:05  Marine, Supply Depot  
  70  6:08  Barracks  
  70  6:10  Barracks  
  70  6:15  Barracks  
  70  6:21  Marauder, Marine x2, Medivac x2  
  70  6:22  Supply Depot  
  78  6:26  Marine, Supply Depot  
  78  6:30  Supply Depot  
  79  6:38  Marine  
  76  6:44  Supply Depot  
  71  7:00  SCV x2  
  62  7:01  Marine x2  
  62  7:02  Marauder x2, Medivac  
  62  7:03  Medivac  
  62  7:04  Barracks Reactor  
  62  7:05  Barracks Reactor, Barracks Tech Lab  
  70  7:12  SCV  
  71  7:16  SCV  
  71  7:19  Marine x2  
  71  7:22  Command Center  
  74  7:23  Marauder x2  
  74  7:24  SCV, Siege Tank  
  74  7:28  SCV  
  78  7:44  Marine x2  
  78  7:45  Marauder x3, Marine x2  
  78  7:46  Marine x2  
  90  8:02  Marine x2  
  90  8:03  SCV x2, Marine x3  
  90  8:04  Marine  
  98  8:06  Marauder, Marine  
  98  8:10  Supply Depot  
  101  8:14  Supply Depot  
  101  8:15  Supply Depot  
  101  8:17  Supply Depot  
  101  8:18  Missile Turret  
  101  8:20  Missile Turret  
  101  8:31  Missile Turret  
  101  8:34  Supply Depot  
  101  8:37  Supply Depot  
  101  9:03  Orbital Command  
  101  9:04  Marauder, Marine  
  101  9:05  Marauder x2, Marine x3  
  101  9:06  Marine x2  
  113  9:26  Marauder x3  
  112  9:38  Terran Infantry Armor Level 1  
  94  9:47  Marauder x2  
  98  9:54  Marine x3  
  98  9:55  Marine x4  
  105  10:08  Marine  
  105  10:09  Marauder  
  105  10:12  Marine x4  
  105  10:13  Marine  
  105  10:14  Marauder  
  114  10:15  Marine  
  115  10:26  Marauder  
  109  10:30  Marauder, Marine x5  
  109  10:35  Marauder  
  99  10:43  Marine  
  99  10:47  Marine x2  
  99  10:48  Marine x3  
  93  10:52  Marine x2  
  93  10:54  Orbital Command  
  93  10:56  Marauder  
  79  10:59  Armory  
  79  11:01  Marine, Engineering Bay  
  80  11:05  Marine x3  
  80  11:06  Marine  
  84  11:12  Medivac  
  84  11:17  Medivac  
  88  11:28  Missile Turret  
  88  11:29  Missile Turret  
  88  11:34  Marauder, Marine  
  91  11:42  Medivac  
  91  11:43  Refinery  
  93  11:47  Refinery, Medivac  
  95  12:12  Medivac  
  97  12:16  Marauder x2, Marine x3  
  97  12:17  Marauder  
  84  12:46  Marauder x2, Marine x2  
  84  12:47  Marauder  
  80  12:59  Command Center  
  80  13:14  Marauder, Marine x3  
  80  13:15  Marine  
  80  13:16  Terran Infantry Weapons Level 2  
  86  13:31  Marine  
  86  13:32  Marauder, Marine  
  86  13:33  Siege Tank  
  93  13:39  Terran Vehicle Weapons Level 1  
  93  14:05  Siege Tank  
  96  14:24  Marine  
  96  14:25  Marine x6  
  96  14:28  Medivac x2  
  107  14:37  Siege Tank  
  88  15:09  Marine x2, Siege Tank  
  88  15:10  Marauder x3, Marine x3  
  88  15:11  Marine  
  103  15:17  Refinery  
  103  15:18  Refinery  
  103  15:22  Missile Turret  
  103  15:27  Marine x2  
  103  15:28  Marine  
  106  15:31  Marauder x2  
  106  15:32  Marauder  
  112  15:41  Siege Tank  
  115  15:52  Marauder  
  117  15:57  Marine  
  117  15:58  Marine x7  
  117  16:03  Medivac  
  127  16:13  Marine  
  127  16:15  Marine x3  
  131  16:19  Marine  
  131  16:20  Marine x4  
  136  16:31  Marine  
  115  16:50  Marine x2  
  115  16:51  Marauder x2, Marine  
  122  17:12  Marauder  
Tags
 
Add a new tag
Caveats
  • Supply blocks, unpowered buildings, or Contaminate may cause inaccurate times.
  • Supply counts are checked every 10 seconds.